 Dungeon Crawl Stone Soup version 0.27-a0-1256-gced786f65e (webtiles) character file.

Game seed: 5779668641862980434

53 polpettosauro the Skirmisher (level 3, -2/30 HPs)
             Began as a Demonspawn Gladiator on June 10, 2021.
             Slain by a worm (10 damage)
             ... on level 2 of the Dungeon.
             The game lasted 00:02:10 (1158 turns).

polpettosauro the Skirmisher (Demonspawn Gladiator) Turns: 1158, Time: 00:02:11

Health: -2/30      AC:  5    Str: 15    XL:     3   Next: 64%
Magic:  3/3        EV:  9    Int:  9    God:
Gold:   50         SH:  7    Dex: 14    Spells: 2/2 levels left

rFire    . . .     SeeInvis .   a - +0 war axe
rCold    . . .     Faith    .   e - +0 kite shield
rNeg     . . .     Spirit   .   b - +0 leather armour
rPois    .         Reflect  .   c - +0 helmet
rElec    .         Harm     .   (no cloak)
rCorr    .         Rampage  .   f - +0 pair of gloves
Will     .....                  (no boots)
Stlth    +.........             (no amulet)
HPRegen  0.10/turn              (no ring)
MPRegen  0.08/turn              (no ring)

@: lethally poisoned (-2 -> -9)
A: demonic magic 1
a: no special abilities


You were on level 2 of the Dungeon.
You visited 1 branch of the dungeon, and saw 2 of its levels.

You collected 50 gold pieces.

Inventory:

Hand Weapons
 a - a +0 war axe (weapon)
 g - a +0 dagger of venom
Missiles
 d - 3 throwing nets (quivered)
Armour
 b - a +0 leather armour (worn)
 c - a +0 helmet (worn)
 e - a +0 kite shield (worn)
 f - a +0 pair of gloves (worn)
Scrolls
 h - a scroll of identify {unknown}
 i - a scroll of acquirement {unknown}


   Skills:
 + Level 4.1 Fighting
 - Level 2.6 Axes
 - Level 1.7 Throwing
 - Level 2.6 Dodging


You had 2 spell levels left.
You didn't know any spells.
Your spell library was empty.

Dungeon Overview and Level Annotations

Branches:
Dungeon (2/15)

Altars:


Innate Abilities, Weirdness & Mutations

Spells you cast may paralyse adjacent enemies.


Message History

The hobgoblin hits you but does no damage.
You barely miss the hobgoblin.
The hobgoblin is heavily wounded.
You completely miss the kobold. You block the hobgoblin's attack.
The kobold hits you but does no damage. The hobgoblin closely misses you.
The kobold hits you with a +0 whip.
The goblin shouts!
You hit the hobgoblin.
You kill the hobgoblin!
You hit the kobold. You block the kobold's attack. The kobold misses you.
You hit the kobold.
You kill the kobold!
You slash the worm! The worm barely misses you.
Your shield prevents you from hitting the worm.
The worm is moderately wounded.
The worm misses you.
You hit the worm.
The worm is severely wounded.
You closely miss the goblin. The goblin barely misses you.
You block the worm's attack.
The goblin hits you with a +1 dagger of venom.
You are poisoned.
You hit the worm.
The worm is severely wounded.
You closely miss the goblin.
You feel very sick. You block the goblin's attack. The worm closely misses you.
You barely miss the worm.
The worm is severely wounded.
You closely miss the goblin.
You feel sick. The goblin hits you but does no damage.
You are more poisoned.
You block the goblin's attack. The worm bites you.
You hit the goblin.
You kill the goblin!
You hit the worm.
* * * LOW HITPOINT WARNING * * *
You feel very sick. The worm bites you!
You die...

. #######..
##........
##.........
##...w......
#...@)......
#..†).......
.......†.......
#...#..........
##. ##.........
# ..........
#..........
...........
.#..........


You could see a worm.

Vanquished Creatures
  3 dart slugs
  3 endoplasms (D:1)
  2 giant cockroaches (D:1)
  7 goblins
  4 hobgoblins
  8 jackals (D:1)
  3 quokkas (D:1)
  4 ball pythons (D:1)
  2 frilled lizards
  3 kobolds
  2 rats (D:1)
41 creatures vanquished.

Notes
Turn   | Place    | Note
-------+----------+-------------------------------------------
     0 | D:1      | polpettosauro the Demonspawn Gladiator began the quest for
                  | the Orb.
     0 | D:1      | Reached XP level 1. HP: 16/16 MP: 1/1
   213 | D:1      | Gained mutation: Spells you cast may paralyse adjacent
                  | enemies. [demonic ancestry]
   213 | D:1      | Reached XP level 2. HP: 20/23 MP: 2/2
   224 | D:1      | Reached skill level 3 in Fighting
   743 | D:1      | Reached XP level 3. HP: 21/29 MP: 3/3
  1097 | D:1      | Found a faded altar of an unknown god.
  1144 | D:2      | Reached skill level 4 in Fighting
  1158 | D:2      | Slain by a worm

Illustrated notes

Levels and vault maps discovered:
D:1:      matt_arrival_grand_opening, layout_basic,
          shapermc_ecumenical_altar_mp_urbaneastern, serial_glass,
          glass_columns_a, glass_columns_a
D:2:      layout_rooms, minmay_hexomino_u4

Skill      XL: |  1  2  3 |
---------------+----------+-----
Fighting       | 3 4 |  4.1
Axes           | |  2.6
Throwing       | |  1.7
Dodging        | |  2.6

Action                   || total
-------------------------++-------
Melee: War axe           ||   102
Armor: Leather armour    ||    43
Dodge: Dodged            ||    56
Block: Kite shield       ||    49

Table legend: (Time is in decaauts)
 A = Elapsed time spent in this place.
 B = Non-inter-level travel time spent in this place.
 C = Inter-level travel time spent in this place.
 D = Time resting spent in this place.
 E = Time spent auto-exploring this place.
 F = Levels seen in this place.
 G = Mean time per level.
                   A        B        C        D        E       F      G
               +--------+--------+--------+--------+--------+-----+--------+
         Total |   1225 |   1218 |      7 |    302 |    637 |   2 |  612.5 |
       Dungeon |   1225 |   1218 |      7 |    302 |    637 |   2 |  612.5 |
               +--------+--------+--------+--------+--------+-----+--------+

Top non-repeatable levels by time:
     D:1: 1198 daAuts
     D:2: 26 daAuts
